Map: [ESL] Solaris

Players

ShoWTimE

  • Race: Protoss Protoss
  • Spawn Location: 7:00

Dark - Winner!

  • Race: Zerg Zerg
  • Spawn Location: 1:00

VOD

Have the link to the VOD?

Description

Time

  • Played on: Dec. 11, 2023, 6:52 a.m.
  • Length: 12:13
Show
View Real Time Build Order
Export as new Build Order

ShoWTimE Protoss 

Build Orders: 1 Gate Expand 

Get SALT Encoding   

  12  0:00  Probe  
  13  0:12  Probe  
  14  0:19  Pylon  
  14  0:24  Probe  
  15  0:37  Probe (Chrono Boost)  
  15  0:40  Gateway  
  16  0:47  Probe (Chrono Boost)  
  17  0:50  Assimilator  
  17  0:52  Probe (Chrono Boost)  
  18  1:03  Probe  
  19  1:15  Probe  
  20  1:25  Nexus  
  20  1:35  Cybernetics Core  
  20  1:38  Probe  
  21  1:42  Assimilator  
  21  1:50  Probe  
  21  1:52  Pylon  
  22  2:02  Probe  
  23  2:09  Adept (Chrono Boost)  
  23  2:14  Probe  
  26  2:22  Robotics Facility  
  26  2:26  Probe  
  26  2:29  Shield Battery  
  27  2:35  Stalker (Chrono Boost)  
  29  2:43  Shield Battery  
  28  2:56  Gateway  
  30  3:11  Immortal (Chrono Boost)  
  32  3:24  Gateway  
  32  3:30  Cybernetics Core  
  32  3:40  Pylon  
  32  3:45  Pylon  
  32  4:03  Immortal (Chrono Boost)  
  32  4:07  Warp Gate  
  32  4:08  Pylon  
  36  4:12  Sentry  
  38  4:26  Sentry, Twilight Council  
  40  4:39  Observer (Chrono Boost)  
  40  4:42  Adept  
  43  4:46  Gateway  
  43  4:50  Adept  
  45  5:01  Pylon  
  45  5:10  Warp Prism (Chrono Boost)  
  47  5:19  Resonating Glaives (Chrono Boost)  
  47  5:21  Pylon  
  47  5:24  Sentry  
  51  5:56  Adept x2  
  53  5:57  Observer  
  53  5:59  Adept  
  55  6:05  Pylon  
  53  6:20  Adept x2  
  53  6:21  Adept  
  53  6:25  Pylon  
  59  6:46  Adept x3  
  61  7:07  Adept x3  
  67  7:15  Pylon  
  67  7:28  Adept x3  
  71  7:49  Sentry x3  
  77  7:58  Nexus  
  55  8:24  Adept x2  
  55  8:25  Adept  
  55  8:30  Pylon  
  53  8:42  Shield Battery  
  53  8:46  Sentry x3  
  59  8:57  Shield Battery  
  56  9:10  Adept x3  
  62  9:20  Pylon  
  58  9:32  Stalker x2  
  62  9:42  Adept  
  61  10:00  Adept  
  61  10:04  Sentry x2  
  67  10:24  Adept  
  69  10:31  Adept  
  69  10:33  Sentry  
  73  10:46  Stalker  
  71  11:05  Observer  
  71  11:11  Sentry  
  71  11:12  Adept  
  71  11:44  Stalker x2, Sentry  
Show
View Real Time Build Order
Export as new Build Order

Dark Zerg - Winner!

Build Orders: Hatch First 

Get SALT Encoding   

  12  0:00  Drone  
  13  0:13  Overlord  
  13  0:17  Drone  
  14  0:31  Drone  
  14  0:32  Drone  
  16  0:54  Hatchery, Drone  
  16  0:57  Drone  
  16  1:02  Drone  
  18  1:10  Extractor  
  17  1:19  Spawning Pool  
  17  1:21  Drone  
  17  1:25  Drone  
  18  1:29  Drone  
  19  1:48  Drone  
  20  2:06  Zergling x2  
  20  2:07  Spine Crawler x2, Queen  
  21  2:12  Spine Crawler  
  20  2:18  Metabolic Boost  
  20  2:22  Zergling x2  
  21  2:26  Zergling x2  
  21  2:28  Zergling x2  
  23  2:34  Zergling x2  
  24  2:40  Zergling x4  
  25  2:53  Zergling x4  
  25  2:54  Overlord  
  27  3:20  Hatchery  
  27  3:24  Drone x3  
  29  3:33  Drone x3  
  32  3:44  Queen  
  34  3:54  Overlord  
  34  3:56  Drone x2  
  36  4:16  Drone x4  
  42  4:24  Drone x2  
  42  4:31  Queen  
  42  4:32  Queen  
  46  4:46  Hatchery  
  46  4:52  Overlord  
  45  4:58  Drone x2  
  45  4:59  Drone  
  47  5:02  Drone x2  
  49  5:09  Queen  
  49  5:11  Queen  
  53  5:17  Baneling Nest  
  53  5:18  Zergling x2  
  53  5:24  Overlord  
  53  5:27  Zergling x6  
  56  5:29  Zergling x2  
  56  5:30  Zergling x2  
  56  5:35  Overlord  
  57  5:44  Zergling x12  
  57  5:46  Zergling x2  
  64  5:51  Zergling x2  
  64  5:55  Queen  
  67  6:01  Queen  
  69  6:04  Spore Crawler  
  69  6:06  Drone x2  
  69  6:07  Zergling x2  
  69  6:08  Zergling x2  
  72  6:13  Zergling x2  
  72  6:16  Zergling x2  
  72  6:18  Zergling x2  
  77  6:20  Zergling x2  
  77  6:24  Zergling x4  
  77  6:28  Zergling x4  
  77  6:31  Overlord x2  
  79  6:33  Overlord  
  79  6:44  Overlord  
  79  6:46  Overlord  
  79  6:47  Overlord  
  79  6:50  Zergling x6  
  82  6:58  Zergling x14  
  73  7:04  Zergling x6  
  72  7:11  Baneling x8  
  72  7:16  Baneling x2, Evolution Chamber  
  72  7:19  Zergling x6  
  74  7:23  Baneling x2  
  74  7:25  Zergling x4  
  74  7:29  Baneling x2  
  73  7:43  Zergling x4  
  73  7:44  Zergling x16  
  81  7:51  Drone x4  
  85  7:56  Zerg Melee Weapons Level 1  
  85  8:00  Zergling x8  
  83  8:07  Zergling x2  
  83  8:12  Zergling x4  
  65  8:21  Zergling x4  
  65  8:22  Queen x2  
  70  8:27  Zergling x10  
  70  8:31  Baneling x3, Zergling x4  
  70  8:33  Zergling x2  
  78  8:42  Zergling x6  
  81  8:48  Zergling x2  
  81  8:49  Zergling x4  
  84  8:55  Zergling x2  
  84  8:56  Roach Warren  
  84  8:58  Baneling x3  
  81  9:06  Zergling x10  
  81  9:09  Zergling x2  
  81  9:11  Baneling x2, Zergling x2  
  79  9:19  Zergling x4  
  77  9:28  Zergling x4  
  77  9:30  Baneling x2, Queen x3  
  74  9:33  Zergling x4  
  75  9:41  Zergling x6  
  75  9:42  Baneling  
  78  9:50  Zergling x4  
  77  10:01  Extractor  
  77  10:02  Drone x7, Extractor  
  82  10:16  Roach x4  
  82  10:17  Zergling x4  
  87  10:25  Roach  
  86  10:28  Queen x2  
  86  10:30  Zergling x4  
  86  10:34  Extractor  
  91  10:38  Zergling x4  
  91  10:39  Ravager  
  94  10:46  Hatchery  
  94  10:49  Zergling x4  
  94  10:52  Ravager  
  94  11:00  Zergling x8  
  94  11:01  Ravager  
  99  11:05  Zergling x8  
  99  11:11  Ravager x2  
  105  11:13  Zergling x4  
  107  11:20  Baneling x4  
  104  11:28  Zergling x10  
  107  11:42  Overlord x2  
  107  11:47  Overlord  
  107  12:01  Hatchery  
Tags
 
Add a new tag
Caveats
  • Supply blocks, unpowered buildings, or Contaminate may cause inaccurate times.
  • Supply counts are checked every 10 seconds.